 Dungeon Crawl Stone Soup version 0.21-a0-179-gd2bfb5f (console) character file.

70 Duffy the Conjurer (level 4, 24/24 HPs)
             Began as a Deep Elf Fire Elementalist on Aug 10, 2017.
             Quit the game on level 2 of the Dungeon.
             The game lasted 00:01:56 (1865 turns).

Duffy the Conjurer (Deep Elf Fire Elementalist)     Turns: 1865, Time: 00:01:56

Health: 24/24      AC:  3    Str:  5    XL:     4   Next: 4%
Magic:  9/10       EV: 13    Int: 21    God:
Gold:   75         SH:  0    Dex: 15    Spells: 1/9 levels left

rFire    . . .     SeeInvis .   (no weapon)
rCold    . . .     Gourm    .   (no shield)
rNeg     . . .     Faith    .   a - +1 robe
rPois    .         Spirit   .   (no helmet)
rElec    .         Reflect  .   (no cloak)
rCorr    .         Harm     .   (no gloves)
MR       .....                  (no boots)
Stlth    ++........             (no amulet)
HPRegen  0.08/turn              (no ring)
MPRegen  0.12/turn              (no ring)

@: no status effects
A: no striking features
a: no special abilities


You were on level 2 of the Dungeon.
You were not hungry.

You visited 1 branch of the dungeon, and saw 2 of its levels.

You collected 75 gold pieces.

Inventory:

Armour
 a - a +1 robe (worn)
Scrolls
 f - a scroll of fog
 j - a scroll of teleportation
 k - 2 scrolls of identify
Potions
 e - a potion of ambrosia
 g - a potion of curing
 i - a potion of haste
Books
 b - a book of Flames

   Spells                             Type                      Level
   a - Flame Tongue                   Conjuration/Fire             1
   b - Throw Flame                    Conjuration/Fire             2
   c - Conjure Flame                  Conjuration/Fire             3
   d - Inner Flame                    Hexes/Fire                   3
   e - Sticky Flame                   Conjuration/Fire             4
   f - Fireball                       Conjuration/Fire             5
Comestibles
 c - a bread ration
 h - 2 meat rations


   Skills:
 - Level 2.4 Dodging
 - Level 2.4 Stealth
 + Level 3.0 Spellcasting
 - Level 4.2 Conjurations
 + Level 3.3 Fire Magic


You had one spell level left.
You knew the following spells:

 Your Spells              Type           Power        Failure   Level  Hunger
a - Flame Tongue          Conj/Fire      ###..        2%          1    None
j - Sticky Flame          Conj/Fire      ###.....     26%         4    ####...
l - Conjure Flame         Conj/Fire      ###.....     9%          3    ###....


Dungeon Overview and Level Annotations

Branches:
Dungeon (2/15)

Altars:


Message History

The flame tongue hits the goblin.
You kill the goblin!
Cast which spell? (? or * to list)
You can't see any susceptible monsters within range! (Use Z to cast anyway.) Cast which spell? (? or * to list)
You can't see any susceptible monsters within range! (Use Z to cast anyway.)
A bat comes into view.
Found 12 arrows and a glowing dark potion.
You see here 9 gold pieces.
A bat is nearby!
A bat comes into view.
Cast which spell? (? or * to list)
Aiming: Flame Tongue
Press: ? - help, Shift-Dir - straight line, f - bat
Aim: a bat (resting)
The flame tongue hits the bat.
You kill the bat!
Cast which spell? (? or * to list)
You can't see any susceptible monsters within range! (Use Z to cast anyway.) Are you sure you want to abandon this character and quit the game? (Confirm with "yes".)

#.# ####.##### #.#
#+ #.# #.# #. #.#
#.# #. #.# #.#
#####(# #.#
.......## #.#
........#########.#
.........$........#
.......@###########
........# ........#
..!b...## #######


You could see a bat (sleeping).

Vanquished Creatures
  2 adders
  A dart slug (D:1)
  4 bats
  4 giant cockroaches
  4 hobgoblins
  11 jackals (D:1)
  A quokka (D:2)
  6 frilled lizards
  7 goblins
  3 kobolds (D:1)
  2 rats (D:1)
45 creatures vanquished.

Notes
Turn   | Place    | Note
-------+----------+-------------------------------------------
     0 | D:1      | Duffy the Deep Elf Fire Elementalist began the quest for the Orb.
     0 | D:1      | Reached XP level 1. HP: 10/10 MP: 6/6
   181 | D:1      | Reached skill level 2 in Conjurations
   228 | D:1      | Reached XP level 2. HP: 13/15 MP: 2/8
   480 | D:1      | Reached skill level 3 in Conjurations
   598 | D:1      | Reached XP level 3. HP: 19/19 MP: 4/9
   604 | D:1      | Learned a level 3 spell: Conjure Flame
  1416 | D:2      | Reached skill level 4 in Conjurations
  1777 | D:2      | Reached XP level 4. HP: 24/24 MP: 7/10
  1783 | D:2      | Learned a level 4 spell: Sticky Flame
  1865 | D:2      | Quit the game

Vault maps used:
D:1:      co_arrival_hall_of_pillars

Skill      XL: |  1  2  3 |
---------------+----------+-----
Conjurations   | 2 3 4 |  4.2
Dodging        | |  2.4
Stealth        | |  2.4
Spellcasting   | |  3.0
Fire Magic     | |  3.3

Action                   |  1- 3 |  4- 6 || total
-------------------------+-------+-------++-------
 Cast: Flame Tongue      |    72 |     3 ||    75
  Use: Scroll            |     9 |       ||     9
       Potion            |     1 |       ||     1
  Eat: Chunk             |     2 |     1 ||     3
Armor: Robe              |     4 |       ||     4
Dodge: Dodged            |    18 |       ||    18
